 Dungeon Crawl Stone Soup version 0.28.0-47-ge53b351184 (webtiles) character file.

Game seed: 6485190342698406483

42 glarfugus the Sneak (level 3, -2/29 HPs)
             Began as a Human Delver on Apr 28, 2022.
             Slain by an orc
             ... wielding a +1 mace of holy wrath
              (3 damage)
             ... on level 5 of the Dungeon.
             The game lasted 00:05:07 (784 turns).

glarfugus the Sneak (Human Delver)                   Turns: 784, Time: 00:05:08

Health: -2/29      AC:  3    Str: 12    XL:     3   Next: 80%
Magic:  1/3        EV: 12    Int: 10    God:
Gold:   6          SH:  0    Dex: 16    Spells: 0/2 levels left

rFire   . . .      SeeInvis .   a - +0 hand axe
rCold   . . .      Faith    .   (no shield)
rNeg    . . .      Spirit   .   b - +0 leather armour
rPois   .          Reflect  .   (no helmet)
rElec   .          Harm     .   (no cloak)
rCorr   .          Rampage  .   (no gloves)
Will    .....                   (no boots)
Stlth   +++.......              (no amulet)
HPRegen 0.09/turn               (no ring)
MPRegen 0.08/turn               (no ring)

@: no status effects
A: no striking features
a: no special abilities


You were on level 5 of the Dungeon.
You visited 1 branch of the dungeon, and saw 2 of its levels.

You collected 6 gold pieces.

Inventory:

Hand Weapons
 a - a +0 hand axe (weapon)
Armour
 b - a +0 leather armour (worn)
Wands
 g - a wand of digging (3)
Scrolls
 d - a scroll of magic mapping
 e - a scroll of fear
 h - a scroll of identify {unknown}
Potions
 f - a potion of haste
 i - a potion of invisibility {unknown}


   Skills:
 + Level 3.2 Fighting
 + Level 2.1 Axes
 + Level 0.2 Armour
 + Level 2.1 Dodging
 + Level 5.8 Stealth


You couldn't memorise any spells.
You knew the following spells:

 Your Spells              Type           Power      Damage    Failure   Level
a - Blink                 Tloc           0%         N/A       58%         2

Your spell library contained the following spells:

 Spells                   Type           Power      Damage    Failure   Level
 Lesser Beckoning         Tloc           0%         N/A       82%         3
 Manifold Assault         Tloc           0%         N/A       100%        5


Dungeon Overview and Level Annotations

Branches:
Dungeon (6/15)
 Temple: D:4-7

Altars:


Message History

The hound barks!
The orc shouts!
The orc priest shouts!
The orc shouts! x3
Found 10 gold pieces, 12 stones and a scroll labelled ENAPPI DURUA.
There is a stone staircase leading up here.
Casting: Blink (quite dangerous; 58% risk of failure)
Confirm with . or Enter, or press ? or * to list all spells.
The spell is quite dangerous to miscast (58% risk of failure)!
Continue anyway?
You miscast Blink.
You are very lightly contaminated with residual magic.
Nothing appears to happen.
The hound bites you but does no damage.
The orc priest hits you from afar with a +0 trident.
The orc hits you with a +1 mace of holy wrath.
Casting: Blink (quite dangerous; 58% risk of failure)
Confirm with . or Enter, or press ? or * to list all spells.
You don't have enough magic to cast this spell.
The hound barely misses you.
The orc priest calls down the wrath of Beogh upon you.
Beogh smites you!
* * * LOW HITPOINT WARNING * * *
The orc hits you with a +0 club.
* * * LOW HITPOINT WARNING * * *
The hound closely misses you.
The orc hits you with a +1 mace of holy wrath.
* * * LOW HITPOINT WARNING * * *
You climb upwards.
There is a stone staircase leading down here.
You barely miss the orc. The orc barely misses you.
You hit the orc but do no damage. The orc barely misses you.
You hit the orc but do no damage. The orc barely misses you.
Casting: Blink (quite dangerous; 58% risk of failure)
Confirm with . or Enter, or press ? or * to list all spells.
You don't have enough magic to cast this spell.
You barely miss the orc.
The orc hits you with a +1 mace of holy wrath.
* * * LOW HITPOINT WARNING * * *
Your magical contamination has completely faded away.
Okay, then.
As you read the scroll of fog, it crumbles to dust.
The scroll dissolves into smoke.
The orc hits you with a +1 mace of holy wrath.
You die...

#.# #...# #.# #'###...#
#.# ....#...############.#
....'...'...<#.......###
....#...######.###.....#
....#...# ###.###.###.#
....##### #.......# #.#
....################ #.###
...........ZohSo@# ###...#
........###.########....##
........# #........#.#.##
....##### ###.#.##.#.###
....# #...#.##.#...# ....#
#.#.#.##.###.#
....#######.#.####.# #.#
.................#.###.##
.....######.#.##........#


You could see an adder and an orc.

Vanquished Creatures
  A centaur skeleton (D:5)
  A shadow imp (D:5)
  A white imp (D:5)
3 creatures vanquished.

Notes
Turn   | Place    | Note
-------+----------+-------------------------------------------
     0 | D:5      | glarfugus the Human Delver began the quest for the Orb.
     0 | D:5      | Reached XP level 1. HP: 18/18 MP: 1/1
   111 | D:5      | Reached XP level 2. HP: 16/24 MP: 2/2
   111 | D:5      | Reached XP level 3. HP: 20/29 MP: 3/3
   309 | D:5      | Learned a level 2 spell: Blink
   778 | D:6      | HP: 1/29 [orc/+1 mace of holy wrath (3)]
   783 | D:5      | HP: 1/29 [orc/+1 mace of holy wrath (1)]
   784 | D:5      | Slain by an orc

Illustrated notes

Levels and vault maps discovered:
D:5:      layout_basic, nicolae_overflow_hidden_temple
D:6:      layout_layer_cave, hangedman_decor_push, uniq_duvessa

Action                   || total
-------------------------++-------
Melee: Hand axe          ||    31
       Punch             ||     1
 Cast: Blink             ||     1
  Use: Scroll            ||     1
 Stab: Sleeping          ||     1
Armor: Leather armour    ||     7
Dodge: Dodged            ||    26
